 Dungeon Crawl Stone Soup version 0.31.0-9-g3a7656b989 (webtiles) character file.

Game seed: 3139698538891826871

894 qw the Skirmisher (level 7, -4/35 HPs)
             Began as a Spriggan Hunter on Feb 2, 2024.
             Killed from afar by Dowan (13 damage)
             ... with a stone arrow
             ... on level 5 of the Dungeon.
             The game lasted 00:00:12 (2531 turns).

qw the Skirmisher (Spriggan Hunter)                 Turns: 2531, Time: 00:00:13

Health: -4/35      AC:  6    Str:  7    XL:     7   Next: 78%
Magic:  8/8        EV: 22    Int: 10    God:
Gold:   254        SH:  0    Dex: 21    Spells: 6/6 levels left

rFire   . . .        m - +0 orcbow
rCold   . . .        (shield currently unavailable)
rNeg    . . .        c - +0 robe
rPois   .            (helmet restricted)
rElec   .            (no cloak)
rCorr   .            (gloves unavailable)
SInv    +            (boots unavailable)
Will    +....        n - amulet of faith
Stlth   ++           j - +4 ring of protection
HPRegen 0.25/turn    (no ring)
MPRegen 0.11/turn

%: faith
@: very quick
A: very small, no large weapons, unfitting armour, see invisible, speed 3
a: no special abilities


You were on level 5 of the Dungeon.
You visited 1 branch of the dungeon, and saw 5 of its levels.

You collected 254 gold pieces.


Innate Abilities, Weirdness & Mutations

You are very small and have problems with some larger weapons.
You are too small for most types of armour.
You have supernaturally acute eyesight. (SInv)
You cover ground extremely quickly. (Speed+++)


   Skills:
 - Level 2.0 Fighting
 - Level 8.3 Ranged Weapons
 + Level 7.0 Dodging
 - Level 1.5 Stealth


You had 6 spell levels left.
You didn't know any spells.
Your spell library was empty.

Inventory:

Hand Weapons
 m - a +0 orcbow (weapon)
Armour
 c - a +0 robe (worn)
Jewellery
 a - a ring of flight
 f - an amulet of the acrobat
 j - a +4 ring of protection (left hand)
 n - an amulet of faith (around neck)
Wands
 b - a wand of charming (5)
Scrolls
 d - a scroll of enchant armour {unknown}
Potions
 i - 2 potions of curing
 k - a potion of mutation
 l - a potion of might
 p - a potion of enlightenment {unknown}

Dungeon Overview and Level Annotations

Branches:
Dungeon (5/15)
 Temple: D:4-7

Altars:
Vehumet

Annotations:
D:5 Dowan


Message History

You shoot an arrow. The arrow barely misses Duvessa.
Duvessa hits you but does no damage. Duvessa hits you with a +0 short sword!
Dowan casts a spell at you. The puff of frost misses you.
2523 ||| DRINKING potion of heal wounds.
You feel much better. Duvessa hits you with a +0 short sword.
Dowan completely misses you. Duvessa completely misses you.
You shoot an arrow. The arrow closely misses Duvessa.
Duvessa says, "My weaknesses are his strengths!"
Duvessa misses you. Dowan hits you but does no damage.
You shoot an arrow.
The arrow hits Duvessa but does no damage.
Duvessa is almost dead.
Duvessa closely misses you. Duvessa hits you with a +0 short sword.
Dowan closely misses you.
You shoot an arrow.
The arrow hits Duvessa but does no damage.
Duvessa is almost dead.
Duvessa hits you but does no damage. Dowan hits you but does no damage.
Duvessa closely misses you.
You shoot an arrow. The arrow hits Duvessa.
You kill Duvessa!
Dowan screams, "No!
No!"
Dowan seems to find hidden reserves of power!
Dowan hits you with a +0 dagger.
Your Ranged Weapons skill increases to level 8!
You shoot an arrow. The arrow closely misses Dowan.
Dowan hits you with a +0 dagger. Dowan closely misses you.
You shoot an arrow. The arrow barely misses Dowan.
Dowan hits you with a +0 dagger.
Dowan says, "How can I live without her?"
Dowan closely misses you.
You shoot an arrow. The arrow closely misses Dowan.
Dowan closely misses you.
You shoot an arrow. The arrow hits Dowan!
Dowan is heavily wounded.
Dowan casts a spell at you. The stone arrow hits you!
You die...

######........#+##
#.# ##
#######.....# #.#
..# #...[.# #.#
.... #.....####.#
...# #.......%...
... ###########.
#.### ........
#.e)## .#######
#@.# ##.# .#####
#.# ....... #.###
###....... #...#
#........ ###.#
#........
####.###.....#
#......#.....#####
#....#............


You could see Dowan (fast).

Vanquished Creatures
  Prince Ribbit (D:5)
  Sigmund (D:3)
  A water moccasin (D:4)
  Duvessa (D:5)
  A scorpion (D:4)
  A hound (D:5)
  Jessica (D:3)
  An iguana (D:5)
  Ijyb (D:3)
  3 gnolls (D:5)
  3 adders
  A shadow imp (D:5)
  2 ufetubi (D:5)
  A dart slug (D:4)
  A ribbon worm (D:4)
  8 orcs
  5 ball pythons
  4 bats
  2 endoplasms (D:4)
  4 giant cockroaches
  5 goblins
  9 hobgoblins
  10 jackals
  A quokka (D:4)
  A frilled lizard (D:3)
  8 kobolds
  2 rats
  A spectral goblin (D:2)
80 creatures vanquished.

Notes
Turn   | Place    | Note
-------+----------+-------------------------------------------
     0 | D:1      | qw the Spriggan Hunter began the quest for the Orb.
     0 | D:1      | Reached XP level 1. HP: 10/10 MP: 2/2
     0 | D:1      | 0 ||| qw: Version: 0.3-a-155-g5e7d8dd
     0 | D:1      | 0 ||| qw: Game counter: 1136
     0 | D:1      | 0 ||| qw: Melee chars always use a shield: true
     0 | D:1      | 0 ||| qw: God list: Okawaru
     0 | D:1      | 0 ||| qw: Allow faded altars: false
     0 | D:1      | 0 ||| qw: Do Orc after clearing Dungeon:15 true
     0 | D:1      | 0 ||| qw: Do second Lair branch before Depths: true
     0 | D:1      | 0 ||| qw: Lair rune preference: random
     0 | D:1      | 0 ||| qw: Goals: Normal
     0 | D:1      | 0 ||| PLANNING D:1-11
    31 | D:1      | Reached skill level 3 in Dodging
   169 | D:1      | Reached XP level 2. HP: 14/14 MP: 3/3
   398 | D:1      | 398 ||| UPGRADING to amulet of the acrobat.
   403 | D:1      | 403 ||| READING scroll labelled PUMNOE RUASA.
   404 | D:1      | 404 ||| DROPPING scroll of butterflies.
   515 | D:2      | 515 ||| RETREEEEATING.
   529 | D:2      | Reached XP level 3. HP: 17/18 MP: 4/4
   610 | D:2      | Found a radiant altar of Vehumet.
   727 | D:2      | Found a faded altar of an unknown god.
  1049 | D:3      | Noticed Jessica
  1050 | D:3      | 1050 ||| STAIRDANCE
  1055 | D:3      | 1055 ||| STAIRDANCE
  1068 | D:3      | 1068 ||| STAIRDANCE
  1099 | D:3      | Killed Jessica
  1100 | D:3      | Reached skill level 5 in Ranged Weapons
  1100 | D:3      | Reached XP level 4. HP: 22/22 MP: 5/5
  1185 | D:3      | Noticed Sigmund
  1199 | D:3      | Killed Sigmund
  1200 | D:3      | Reached XP level 5. HP: 25/25 MP: 6/6
  1277 | D:3      | Noticed Ijyb
  1289 | D:3      | 1289 ||| DRINKING golden potion.
  1290 | D:3      | 1290 ||| DRINKING yellow potion.
  1291 | D:3      | 1291 ||| DRINKING inky potion.
  1292 | D:3      | 1292 ||| DRINKING puce potion.
  1293 | D:3      | Killed Ijyb
  1294 | D:3      | Reached XP level 6. HP: 30/30 MP: 7/7
  1546 | D:3      | 1546 ||| UPGRADING to amulet of faith.
  1556 | D:3      | 1556 ||| READING 3 scrolls labelled YNUK UFICATOCEZU.
  1657 | D:3      | 1657 ||| READING scroll labelled AGAZ HIJIA.
  1658 | D:3      | 1658 ||| READING 2 scrolls labelled INONUS IDUNU.
  1658 | D:3      | 1658 ||| IDENTIFYING green potion
  1659 | D:3      | 1659 ||| READING scroll of identify.
  1659 | D:3      | 1659 ||| IDENTIFYING fuming blue potion
  1660 | D:3      | 1660 ||| DRINKING 4 fuming sapphire potions.
  1704 | D:3      | 1704 ||| DROPPING 2 scrolls of vulnerability.
  1705 | D:3      | 1705 ||| DROPPING potion of invisibility.
  1706 | D:3      | 1706 ||| DROPPING 3 potions of lignification.
  1804 | D:4      | Noticed a water moccasin
  1805 | D:4      | 1805 ||| ZAPPING wand of quicksilver (5) at -4,5 (water
                  | moccasin; floor).
  1806 | D:4      | 1806 ||| ZAPPING wand of quicksilver (4) at -2,3 (water
                  | moccasin; floor).
  1807 | D:4      | 1807 ||| ZAPPING wand of quicksilver (3) at -2,2 (water
                  | moccasin; floor).
  1808 | D:4      | 1808 ||| ZAPPING wand of quicksilver (2) at -1,1 (water
                  | moccasin; floor).
  1808 | D:4      | Killed a water moccasin
  1809 | D:4      | Reached skill level 6 in Ranged Weapons
  2062 | D:4      | 2062 ||| SWAPPING to +0 orcbow.
  2063 | D:4      | 2063 ||| DROPPING +0 shortbow.
  2140 | D:4      | 2140 ||| UPGRADING to +4 ring of protection.
  2141 | D:4      | 2141 ||| READING scroll of identify.
  2141 | D:4      | 2141 ||| IDENTIFYING black potion
  2142 | D:4      | 2142 ||| READING scroll labelled VYT RIKKIUPLUC.
  2143 | D:4      | 2143 ||| READING scroll labelled HYWAUNARRU.
  2162 | D:5      | Entered Level 5 of the Dungeon
  2181 | D:5      | 2181 ||| FLEEEEING.
  2182 | D:5      | 2182 ||| FLEEEEING.
  2199 | D:5      | Reached XP level 7. HP: 34/35 MP: 8/8
  2324 | D:5      | Noticed Prince Ribbit
  2325 | D:5      | 2325 ||| ZAPPING wand of quicksilver (1) at -2,6 (Prince
                  | Ribbit; floor).
  2333 | D:5      | 2333 ||| FLEEEEING.
  2334 | D:5      | 2334 ||| FLEEEEING.
  2337 | D:5      | Killed Prince Ribbit
  2338 | D:5      | Reached skill level 7 in Ranged Weapons
  2503 | D:5      | Noticed Duvessa
  2504 | D:5      | Noticed Dowan
  2522 | D:5      | HP: 5/35 [Duvessa/+0 short sword (9)]
  2523 | D:5      | 2523 ||| DRINKING potion of heal wounds.
  2527 | D:5      | Killed Duvessa
  2528 | D:5      | Reached skill level 8 in Ranged Weapons
  2531 | D:5      | Killed from afar by Dowan

Levels and vault maps discovered:
D:1:      minmay_arrival_plants_in_alcoves, layout_rooms
D:2:      layout_basic, basic_altar, dreamdust_ecumenical_altar_drowned_temple,
          grunt_decor_junction
D:3:      layout_rooms, uniq_sigmund, uniq_jessica, uniq_ijyb
D:4:      nicolae_cairo_tiling_large_dashed, layout_cave_pools
D:5:      layout_basic, kennysheep_nondescript, uniq_prince_ribbit1,
          uniq_duvessa

Skill      XL: |  1  2  3  4  5  6  7 |
---------------+----------------------+-----
Dodging        | 3 4 7 |  7.0
Ranged Weapons | 5 6 8 |  8.3
Fighting       | 2 |  2.0
Stealth        | |  1.5

Action                     |  1- 3 |  4- 6 |  7- 9 || total
---------------------------+-------+-------+-------++-------
   Fire: Shortbow          |   105 |    86 |       ||   191
         Orcbow            |       |    20 |    64 ||    84
  Evoke: Wand              |       |     4 |     1 ||     5
    Use: Scroll            |     1 |     7 |       ||     8
         Potion            |       |     5 |     1 ||     6
 Armour: Robe              |    20 |     7 |    35 ||    62
  Dodge: Dodged            |    56 |    40 |    59 ||   155

Table legend:
 A = Non-vault XP
 B = Vault XP
 C = Vault XP percentage of total XP
 D = Non-vault monster count
 E = Vault monster count
 F = Vault count percentage of total count
                 A         B        C        D         E       F
            +---------+---------+-------+---------+---------+-------
      Total |     538 |     740 |  57.9 |      74 |       6 |   7.5
            +---------+---------+-------+---------+---------+-------
        D:1 |      27 |       0 |   0.0 |      15 |       0 |   0.0
        D:2 |      40 |       1 |   2.4 |      16 |       1 |   5.9
        D:3 |      28 |     311 |  91.7 |       9 |       3 |  25.0
        D:4 |     260 |       0 |   0.0 |      18 |       0 |   0.0
        D:5 |     183 |     428 |  70.0 |      16 |       2 |  11.1
            +---------+---------+-------+---------+---------+-------
